Map: Acid Plant LE

Players

PasT - Winner!

  • Race: Zerg Zerg
  • League: Master
  • Spawn Location: 5:00

A.I. 2 (Very Easy)

  • Race: Terran Terran
  • Spawn Location: 11:00

VOD

Have the link to the VOD?

Description

Time

  • Played on: April 8, 2018, 5:06 p.m.
  • Length: 6:22
Show
View Real Time Build Order
Export as new Build Order

PasT Zerg - Winner!

Build Orders: Hatch First 

Get SALT Encoding   

  12  0:00  Drone  
  13  0:12  Overlord  
  13  0:18  Drone  
  14  0:30  Drone x2  
  14  0:34  Drone  
  17  0:52  Hatchery  
  17  0:55  Drone  
  17  0:57  Drone  
  18  1:05  Extractor  
  17  1:13  Spawning Pool  
  17  1:16  Drone  
  17  1:19  Drone  
  18  1:28  Drone  
  19  1:38  Overlord  
  19  2:00  Queen  
  21  2:05  Queen, Metabolic Boost  
  21  2:07  Zergling x6  
  26  2:10  Drone  
  26  2:14  Drone  
  28  2:21  Drone  
  29  2:25  Drone  
  30  2:36  Queen  
  32  2:40  Queen  
  32  2:42  Overlord  
  34  2:45  Overlord  
  34  3:00  Hatchery  
  34  3:03  Drone  
  34  3:05  Drone  
  35  3:09  Drone  
  35  3:10  Drone  
  35  3:12  Drone  
  38  3:15  Drone  
  38  3:17  Drone  
  38  3:19  Drone  
  41  3:22  Drone  
  41  3:24  Extractor  
  41  3:26  Drone  
  42  3:29  Drone  
  42  3:31  Drone  
  42  3:33  Drone  
  45  3:41  Roach Warren  
  44  3:52  Overlord x3  
  44  3:58  Overlord  
  44  4:21  Roach x3  
  44  4:22  Roach x6  
  44  4:24  Roach  
  64  4:27  Roach  
  66  4:34  Zergling x8  
  66  4:36  Zergling x2  
  72  4:38  Zergling x2  
  72  4:48  Zergling x6  
  72  4:52  Zergling x2  
  76  4:53  Zergling x8  
  76  4:57  Overlord  
  80  5:06  Overlord  
  80  5:07  Drone x2  
  82  5:12  Lair, Drone  
  82  5:16  Drone x2  
  82  5:18  Drone  
  84  5:21  Drone x2  
  84  5:23  Drone  
  84  5:25  Drone  
  84  5:27  Drone  
  84  5:28  Ravager  
  88  5:29  Ravager  
  88  5:30  Ravager  
  88  5:31  Drone  
  88  5:33  Drone  
  88  5:35  Drone  
  93  5:38  Overlord  
  93  5:40  Drone  
  93  5:42  Drone  
  95  5:48  Drone x2  
  97  5:50  Overlord x2  
  97  5:59  Drone x3  
  97  6:00  Drone x3  
  97  6:02  Drone x2, Extractor  
  104  6:07  Drone  
  105  6:15  Hydralisk Den, Extractor  
  105  6:18  Evolution Chamber  
  104  6:19  Evolution Chamber  
Show
View Real Time Build Order
Export as new Build Order

A.I. 2 (Very Easy) Terran 

Build Orders: Reaper Expand 

Get SALT Encoding   

  12  0:00  SCV  
  13  0:13  SCV  
  14  0:18  Supply Depot  
  14  0:42  Barracks  
  14  1:02  Command Center  
  14  1:28  Marine  
  14  1:31  Supply Depot, Orbital Command  
  15  1:37  Refinery  
  15  1:49  Refinery  
  15  1:57  SCV  
  16  2:09  SCV  
  16  2:14  SCV  
  18  2:17  Reaper  
  18  2:22  SCV  
  20  2:29  SCV  
  21  2:36  SCV  
  22  2:43  SCV  
  23  2:50  SCV, Refinery  
  24  2:57  SCV  
  25  2:59  Marine  
  25  3:04  SCV  
  27  3:12  SCV  
  28  3:13  Factory  
  28  3:38  SCV, Refinery  
  29  3:41  Marine  
  29  3:45  SCV  
  31  3:52  SCV  
  32  3:57  Supply Depot  
  32  4:00  Starport, SCV  
  33  4:07  SCV  
  34  4:14  SCV  
  35  4:22  SCV  
  37  4:24  Reaper  
  37  4:29  SCV  
  38  4:36  Starport Tech Lab, SCV  
  38  4:38  Supply Depot  
  39  4:43  SCV  
  40  4:50  SCV  
  41  4:55  Raven  
  41  4:58  SCV  
  44  5:05  SCV  
  44  5:06  Marine  
  45  5:12  SCV  
  46  5:19  SCV  
  46  5:26  SCV  
  42  5:35  Hellion  
  42  5:36  SCV  
  42  5:41  Supply Depot  
  29  5:50  SCV  
  29  6:02  SCV  
Tags
 
Add a new tag
Caveats
  • Supply blocks, unpowered buildings, or Contaminate may cause inaccurate times.
  • Supply counts are checked every 10 seconds.